 Dungeon Crawl Stone Soup version 0.22.1-2-g9c5b331 (webtiles) character file.

472 MalarOregon the Ducker (level 7, -6/52 HPs)
             Began as a Merfolk Ice Elementalist on Nov 29, 2018.
             Mangled by an ogre
             ... wielding a +0 giant club
              (12 damage)
             ... on level 4 of the Dungeon.
             The game lasted 00:08:55 (3915 turns).

MalarOregon the Ducker (Merfolk Ice Elementalist)   Turns: 3915, Time: 00:08:56

Health: -6/52      AC:  5    Str:  9    XL:     7   Next: 9%
Magic:  4/11       EV: 15    Int: 16    God:
Gold:   91         SH:  0    Dex: 14    Spells: 8/11 levels left

rFire    . . .     SeeInvis .   r - +1 trident
rCold    . . .     Gourm    .   (no shield)
rNeg     + . .     Faith    .   t - +1 robe {rN+}
rPois    .         Spirit   .   l - +0 helmet
rElec    .         Reflect  .   (no cloak)
rCorr    .         Harm     .   n - +0 pair of gloves
MR       .....                  (no boots)
Stlth    ++........             (no amulet)
HPRegen  0.17/turn              (no ring)
MPRegen  0.12/turn              (no ring)

@: very slightly contaminated
A: change form in water, swift swim, stealthy swim
a: no special abilities


You were on level 4 of the Dungeon.
You were not hungry.

You visited 1 branch of the dungeon, and saw 4 of its levels.

You collected 91 gold pieces.

Inventory:

Hand Weapons
 i - a +2 dagger of speed
   (You took it off a kobold on level 2 of the Dungeon)
 r - a +1 trident (weapon)
   (You took it off an orc on level 2 of the Dungeon)
Armour
 l - a +0 helmet (worn)
   (You took it off Robin on level 1 of the Dungeon)
 n - a +0 pair of gloves (worn)
   (You found it on level 2 of the Dungeon)
 t - a +1 robe of positive energy (worn)
   (You took it off an orc wizard on level 4 of the Dungeon)
Scrolls
 b - a scroll of remove curse {@r2}
 c - a scroll of blinking
 d - 2 scrolls of teleportation {@r4}
 h - 2 scrolls of identify {@r1}
 q - 2 scrolls of immolation {!r}
Potions
 f - 2 potions of agility
 g - 2 potions of lignification {!q}
 k - a potion of curing {@q1}
 s - a potion of berserk rage
Comestibles
 e - 6 rations {!d}


   Skills:
 * Level 3.1 Fighting
 * Level 3.2 Polearms
 * Level 2.1 Armour
 * Level 5.0 Dodging
 - Level 2.1 Stealth
 + Level 2.7 Spellcasting
 + Level 1.6 Conjurations
 + Level 4.1 Ice Magic


You had 8 spell levels left.
You knew the following spells:

 Your Spells              Type           Power        Failure   Level  Hunger
a - Freeze                Ice            ###.         3%          1    #......
x - Throw Frost           Conj/Ice       ##....       9%          2    ##.....

Your spell library contained the following spells:

 Spells                   Type           Power        Failure   Level  Hunger
 Ozocubu's Armour         Chrm/Ice       #.......     24%         3    ###....
 Throw Icicle             Conj/Ice       ##......     50%         4    #####..
 Summon Ice Beast         Ice/Summ       #.......     63%         4    #####..


Dungeon Overview and Level Annotations

Branches:
Dungeon (4/15)
 Temple: D:4-7

Altars:


Message History

You see here 19 bolts.
Found a scroll of identify.
Attack whom?
Aim: a ball python You reach to attack!
You hit the ball python.
You kill the ball python!
j - 2 scrolls labeled OSEOZO QYME
h - 2 scrolls of identify {@r1} (gained 1)
Found a stone staircase leading down.
As you read the scroll labeled OSEOZO QYME, it crumbles to dust.
Your brain hurts!
It was a scroll of random uselessness.
Found a scale mail.
Drop what? 17/52 slots (_ for help) (? for menu, Esc to quit)
You drop a scroll of random uselessness.
All of the chunks of flesh in your inventory have rotted away.
An adder skeleton comes into view.
You hit the adder skeleton. The adder skeleton closely misses you.
You hit the adder skeleton. The adder skeleton closely misses you.
You puncture the adder skeleton!
You destroy the adder skeleton!
No target in view!
Found 17 stones.
Found a stone staircase leading down.
You start waiting.
The ogre is too close now for your liking.
Attack whom?
Aim: an ogre, wielding a giant club You reach to attack!
You puncture the ogre! The ogre hits you with a giant club.
Aim: an ogre, wielding a giant club (moderately wounded)
You freeze the ogre.
Aim: an ogre, wielding a giant club (moderately wounded)
You freeze the ogre. The ogre misses you.
Aim: an ogre, wielding a giant club (heavily wounded)
You freeze the ogre. The ogre hits you with a giant club!!
* * * LOW HITPOINT WARNING * * *
Aim: an ogre, wielding a giant club (heavily wounded)
You freeze the ogre. The ogre completely misses you.
Aim: an ogre, wielding a giant club (heavily wounded)
You freeze the ogre.
Aim: an ogre, wielding a giant club (severely wounded)
You freeze the ogre. The ogre closely misses you.
Aim: an ogre, wielding a giant club (severely wounded)
You freeze the ogre. The ogre hits you with a giant club!!
* * * LOW HITPOINT WARNING * * *
Aim: an ogre, wielding a giant club (almost dead)
You miscast Freeze.
You are very lightly contaminated with residual magic.
Your hands feel numb with cold.
The ogre hits you with a giant club!
You die...

.# *****,*****,* .# ###...#,* *,*
.# #.....',* *,* .# #.#..,*** *,*
.######## #...,,,,* *,*
O#......### #..#***,* *,*
..........######..# *,*****,****
.#......#.#....#..####.#*,,,,,,,,
................@O>.....,,,,,,,,*
..#####......#.#..#....#*,,,,****
#.#.......#....#..#,*###*,,,***,,
..#.####..##.###..#,* *,,**,,**
###,#.....##(.....#,* *,,*,****
,,,,#.##.########.#,* *,,,,,,,,
****#.#...........#,* *,,******
**,,..##..#########,* *,,,,,,,,
,**.##*#..# *,*****,,*,****


You could see an ogre.

Vanquished Creatures
  An ogre (D:3)
  A bullfrog skeleton (D:4)
  2 centaur skeletons (D:4)
  A worker ant (D:3)
  3 orc wizards
  A hound skeleton (D:4)
  Robin (D:1)
  7 adders
  An ooze (D:4)
  An adder skeleton (D:4)
  2 worms (D:3)
  2 dart slugs
  4 orcs
  2 ball pythons
  6 giant cockroaches
  22 goblins
  7 hobgoblins
  6 jackals
  9 bats
  6 frilled lizards
  5 kobolds
  2 leopard gecko skeletons (D:4)
  A quokka skeleton (D:4)
  2 rats
95 creatures vanquished.

Notes
Turn   | Place    | Note
-------+----------+-------------------------------------------
     0 | D:1      | MalarOregon the Merfolk Ice Elementalist began the quest
                  | for the Orb.
     0 | D:1      | Reached XP level 1. HP: 13/13 MP: 3/3
    90 | D:1      | Reached skill level 3 in Dodging
    90 | D:1      | Reached XP level 2. HP: 20/20 MP: 1/5
   305 | D:1      | Reached skill level 1 in Fighting
   447 | D:1      | Learned a level 2 spell: Throw Frost
   570 | D:1      | Reached XP level 3. HP: 11/26 MP: 0/6
   650 | D:2      | Noticed Robin
   659 | D:1      | Killed Robin
   905 | D:1      | Reached skill level 1 in Conjurations
   990 | D:2      | Reached skill level 1 in Armour
  1283 | D:2      | Reached XP level 4. HP: 32/32 MP: 4/7
  2236 | D:3      | Reached skill level 1 in Polearms
  2236 | D:3      | Reached skill level 4 in Dodging
  2236 | D:3      | Reached XP level 5. HP: 26/38 MP: 0/8
  2564 | D:3      | Noticed an ogre
  2845 | D:3      | Reached XP level 6. HP: 32/46 MP: 3/9
  3627 | D:4      | Reached XP level 7. HP: 36/52 MP: 11/11
  3641 | D:4      | Reached skill level 5 in Dodging
  3915 | D:4      | Mangled by an ogre

Skill      XL: |  1  2  3  4  5  6  7 |
---------------+----------------------+-----
Dodging        | 3 4 5 |  5.0
Fighting       | 1 2 3 |  3.1
Conjurations   | 1 |  1.6
Armour         | 1 2 |  2.1
Polearms       | 1 2 3 |  3.2
Ice Magic      | 4 |  4.1
Stealth        | |  2.1
Spellcasting   | |  2.7

Action                   |  1- 3 |  4- 6 |  7- 9 || total
-------------------------+-------+-------+-------++-------
Melee: Dagger            |    18 |   128 |       ||   146
       Trident           |       |       |     5 ||     5
 Cast: Freeze            |    38 |    70 |    15 ||   123
       Throw Frost       |     5 |     4 |       ||     9
  Use: Scroll            |     5 |       |     7 ||    12
 Stab: Sleeping          |     6 |     9 |       ||    15
  Eat: Chunk             |     2 |     8 |     2 ||    12
Armor: Robe              |    10 |       |       ||    10
       Leather armour    |       |    31 |     1 ||    32
Dodge: Dodged            |    46 |   100 |     7 ||   153
